 Dungeon Crawl Stone Soup version 0.27-a0-46-g34d46f0a3f (webtiles) character file.

Game seed: 2616306733439408526

143 Borgoz the Covered (level 5, -7/37 HPs)
             Began as a Halfling Fighter on Jan 6, 2021.
             Mangled by a hornet (13 damage)
             ... while paralysed by a hornet
             ... on level 4 of the Dungeon.
             The game lasted 00:02:46 (2763 turns).

Borgoz the Covered (Halfling Fighter)               Turns: 2763, Time: 00:02:47

Health: -7/37      AC:  8    Str: 17    XL:     5   Next: 50%
Magic:  5/5        EV:  3    Int:  6    God:
Gold:   180        SH:  0    Dex: 15    Spells: 4/4 levels left

rFire    . . .     SeeInvis .   a - +0 long sword
rCold    . . .     Faith    .   c - +0 kite shield
rNeg     . . .     Spirit   .   b - +1 scale mail
rPois    .         Reflect  .   (no helmet)
rElec    .         Harm     .   (no cloak)
rCorr    +         Rampage  .   (no gloves)
Will     .....                  (no boots)
Stlth    ..........             (no amulet)
HPRegen  0.12/turn              m - ring of resist corrosion
MPRegen  0.09/turn              (no ring)

@: paralysed, lethally poisoned (-7 -> -29), slowed
A: small, mutation resistance 1
a: no special abilities


You were on level 4 of the Dungeon.
You visited 1 branch of the dungeon, and saw 4 of its levels.

You collected 180 gold pieces.

Inventory:

Hand Weapons
 a - a +0 long sword (weapon)
Armour
 b - a +1 scale mail (worn)
 c - a +0 kite shield (worn)
Jewellery
 m - a ring of resist corrosion (left hand)
Scrolls
 e - 3 scrolls of remove curse
 h - a scroll of magic mapping {unknown}
 k - 3 scrolls of teleportation
 n - a scroll of fog {unknown}
Potions
 d - a potion of might
 f - 3 potions of curing
 g - a potion of haste {unknown}
 i - a potion of brilliance
 j - a potion of heal wounds
 l - 3 potions of flight
 o - a potion of berserk rage {unknown}
 p - 2 potions of resistance {unknown}


   Skills:
 * Level 3.6 Fighting
 * Level 3.3 Long Blades
 + Level 4.0 Armour
 + Level 3.9 Shields


You had 4 spell levels left.
You didn't know any spells.
Your spell library was empty.

Dungeon Overview and Level Annotations

Branches:
Dungeon (4/15)
 Temple: D:4-7

Altars:
Gozag
Hepliaklqana
Makhleb
Nemelex Xobeh

Shops:
D:2 *


Innate Abilities, Weirdness & Mutations

You are small and have problems with some larger weapons.
You are somewhat resistant to further mutation.


Message History

The jackal closely misses you.
You riposte.
You barely miss the jackal. The orc hits you but does no damage.
You hit the hornet.
The hornet is moderately wounded.
You feel very sick. The hornet stings you!
* * * LOW HITPOINT WARNING * * *
You are more poisoned.
You feel as though you will be slow longer.
You block the jackal's attack. The hornet stings you.
* * * LOW HITPOINT WARNING * * *
You suddenly lose the ability to move!
The jackal bites you but does no damage.
The orc hits you with a +0 mace.
* * * LOW HITPOINT WARNING * * *
The hornet completely misses you.
The jackal bites you but does no damage.
* * * LOW HITPOINT WARNING * * *
You feel sick. The hornet stings you!
You die...

.# #####.# ####.....#
#......#....
######.##.#.# # .
#.....<##.#.#######
...###.####.##...##....<
......o...#.###...#.....
.....Sh@..#.###.........
......y...#.......#....[
...###......(.....#.....
. #########.#########
#.# #.# .#. # #


You could see a hornet, an adder, an orc and a jackal.

Vanquished Creatures
  Terence (D:3)
  5 adders
  2 oozes
  3 worms
  3 dart slugs
  2 leopard geckos
  7 goblins
  2 hobgoblins
  A jackal (D:4)
  9 kobolds
  2 ball pythons
  9 bats
  4 frilled lizards
  10 rats
60 creatures vanquished.

Notes
Turn   | Place    | Note
-------+----------+-------------------------------------------
     0 | D:1      | Borgoz the Halfling Fighter began the quest for the Orb.
     0 | D:1      | Reached XP level 1. HP: 15/15 MP: 1/1
   200 | D:1      | Reached XP level 2. HP: 20/20 MP: 2/2
   382 | D:1      | Reached XP level 3. HP: 26/26 MP: 3/3
   785 | D:2      | Found a sparkling altar of Nemelex Xobeh.
   833 | D:2      | Found Gozag's Platinum Reserve.
   900 | D:2      | Found an opulent altar of Gozag.
  1493 | D:2      | Found a hazy altar of Hepliaklqana.
  1538 | D:2      | Reached XP level 4. HP: 31/31 MP: 4/4
  1550 | D:2      | Found a burning altar of Makhleb.
  1689 | D:3      | Noticed Terence
  1707 | D:3      | Killed Terence
  1932 | D:3      | Reached XP level 5. HP: 36/36 MP: 5/5
  2101 | D:3      | Reached skill level 4 in Armour
  2754 | D:4      | Noticed a hornet
  2762 | D:4      | Paralysed by a hornet for 3 turns
  2763 | D:4      | Mangled by a hornet

Illustrated notes

Levels and vault maps discovered:
D:1:      ncdulo_wetmaze, layout_basic
D:2:      layout_loops_ring, nzn_hepliaklqana_mist_gate,
          nicolae_gozag_zags_fifth_avenue, lemuel_coloured_pillars_altar,
          nemelex_xobeh_ov_fountains_minmay, st_stairs_9
D:3:      layout_loops_cross, kennysheep_small_spiral, uniq_terence
D:4:      layout_loops_cross, good_gods_temple_1, corexii_hall_statues_x

Skill      XL: |  1  2  3  4  5 |
---------------+----------------+-----
Fighting       | 3 |  3.6
Long Blades    | 3 |  3.3
Armour         | 4 |  4.0
Shields        | |  3.9

Action                   |  1- 3 |  4- 6 || total
-------------------------+-------+-------++-------
Melee: Long sword        |   110 |   122 ||   232
  Use: Scroll            |       |     9 ||     9
       Potion            |       |     1 ||     1
Armor: Scale mail        |    31 |    58 ||    89
Dodge: Dodged            |    26 |    49 ||    75
Block: Kite shield       |    66 |    82 ||   148
       Rpst.: Long sword |     6 |    16 ||    22

Table legend: (Time is in decaauts)
 A = Elapsed time spent in this place.
 B = Non-inter-level travel time spent in this place.
 C = Inter-level travel time spent in this place.
 D = Time resting spent in this place.
 E = Time spent auto-exploring this place.
 F = Levels seen in this place.
 G = Mean time per level.
                   A        B        C        D        E       F      G
               +--------+--------+--------+--------+--------+-----+--------+
         Total |   2847 |   2819 |     28 |    159 |   2179 |   4 |  711.8 |
       Dungeon |   2847 |   2819 |     28 |    159 |   2179 |   4 |  711.8 |
               +--------+--------+--------+--------+--------+-----+--------+

Top non-repeatable levels by time:
     D:3: 1088 daAuts
     D:2: 942 daAuts
     D:1: 769 daAuts
     D:4: 46 daAuts
